 Dungeon Crawl Stone Soup version 0.17-a0-2098-gf59d6bc (webtiles) character file.

64257 brucemayne the Executioner (level 15, -1/130 HPs)
             Began as a Hill Orc Berserker on Oct 17, 2015.
             Was a High Priest of Trog.
             Slain by a wolf spider (10 damage)
             ... on level 4 of the Spider Nest on Oct 18, 2015.
             The game lasted 00:56:17 (8884 turns).

brucemayne the Executioner (Hill Orc Berserker)     Turns: 8884, Time: 00:56:17

Health: -1/130     AC: 16    Str: 30    XL:     15   Next: 12%
Magic:  7/15       EV:  8    Int: 13    God:    Trog [*****.]
Gold:   910        SH:  0    Dex: 12    Spells: 0 memorised, 14 levels left

rFire  . . .     SeeInvis +     a - +9 executioner's axe (elec)
rCold  . . .     Clarity  +     A - +1 plate armour {rPois}
rNeg   + . .     SustAt   +     (no shield)
rPois  +         Gourm    .     D - +1 hat
rElec  .         Spirit   .     I - +0 cloak
rCorr  +         Warding  .     k - +0 pair of gloves
rMut   .         Stasis   .     Q - +1 pair of boots
MR     +++..                    E - amulet of resist corrosion
Stlth  ..........               U - ring of sustain attributes
                                G - ring "Sefroll" {rN+ Int+4 SInv}

@: mighty, regenerating, extremely resistant to hostile enchantments, extremely
unstealthy
A: hooves 1, clarity, deformed body, deterioration 1, strong 1, MP-powered wands
a: Burn Spellbooks, Berserk, Trog's Hand, Brothers in Arms, Renounce Religion


You were on level 4 of the Spider Nest.
You worshipped Trog.
Trog was extremely pleased with you.
You were hungry.

You visited 5 branches of the dungeon, and saw 29 of its levels.
You also visited: Bailey.

You collected 2119 gold pieces.
You spent 1209 gold pieces at shops.

Inventory:

Hand Weapons
 a - a +9 executioner's axe of electrocution (weapon)
 f - the +10 falchion "Oqig" {slice, +Blink +Inv rPois rN+, unknown}
   (You found it on level 1 of the Spider Nest)

   It inflicts extra damage upon your enemies.
   It protects you from poison.
   It protects you from negative energy.
   It lets you turn invisible.
   It lets you blink.
 Y - the +5 executioner's axe of Godeolao {chop, rN+++ MR+ Dex-4}
   (You found it on level 8 of the Lair of Beasts)

   It inflicts extra damage upon your enemies.
   It affects your dexterity (-4).
   It renders you almost immune to negative energy.
   It affects your resistance to hostile enchantments.
Missiles
 e - 7 javelins
 p - 4 tomahawks of dispersal
 r - 3 poisoned tomahawks (quivered)
 B - 6 silver javelins
 W - a throwing net
Armour
 g - a +5 crystal plate armour
 k - a +0 pair of gloves (worn)
 A - a +1 plate armour of poison resistance (worn)
 D - a +1 hat (worn)
 I - a +0 cloak (worn)
 Q - a +1 pair of boots (worn)
Jewellery
 d - an uncursed ring of ice
 E - an amulet of resist corrosion (around neck)
 F - an uncursed amulet of resist mutation
 G - the ring "Sefroll" (left hand) {rN+ Int+4 SInv}
   (You bought it in a shop on level 4 of the Orcish Mines)

   [ring of see invisible]

   It affects your intelligence (+4).
   It protects you from negative energy.
   It lets you see invisible.
 U - a ring of sustain attributes (right hand)
Wands
 q - a wand of fireball (6)
 C - a wand of polymorph (9)
 L - a wand of confusion (34)
 O - a wand of digging (8)
 P - a wand of flame (17)
 R - a wand of paralysis (9)
 S - a wand of fire (9)
Scrolls
 b - a scroll of fear
 u - a scroll of enchant weapon
 y - 11 scrolls of identify
 J - 3 scrolls of teleportation
 K - 3 scrolls of remove curse
Potions
 i - 3 potions of might
 l - 5 potions of curing
 m - a potion of flight
 t - 2 potions of berserk rage
 v - a potion of heal wounds
Comestibles
 c - 6 bread rations
 s - 2 fruits
 z - 4 meat rations


   Skills:
 + Level 11.2 Fighting
 - Level 26.0 Axes
 + Level 10.1 Armour
 - Level 1.5 Dodging


You had 14 spell levels left.
You didn't know any spells.

Dungeon Overview and Level Annotations

Branches:
Dungeon (12/15)            Temple (1/1) D:6            Lair (8/8) D:9
 Spider (4/4) Lair:4        Slime (0/6) Lair:8          Orc (4/4) D:11
    Elf (0/3) Orc:4
  Swamp: Lair:3-6    Shoals: Lair:3-6

Altars:
Cheibriados
Elyvilon
Fedhas
Gozag
Makhleb
Qazlal
Ru
Trog
Xom
Yredelemnul
Zin

Shops:
D:10 [   Orc:2 *   Orc:4 *=([

Annotations:
Orc:1 Erica
Orc:2 exclusion: upstairs


Innate Abilities, Weirdness & Mutations

You have large cloven feet.
You possess an exceptional clarity of mind.
Armour fits poorly on your strangely shaped body.
Your body sometimes deteriorates upon taking damage.
Your muscles are strong. (Str +2)
You expend magic power (3 MP) to strengthen your wands.


Message History

The wolf spider bites you.
* * * LOW HITPOINT WARNING * * *
You completely miss the wolf spider.
The wolf spider is lightly wounded.
The wolf spider closely misses you. The wolf spider bites you.
* * * LOW HITPOINT WARNING * * *
Drink which item? (? for menu, Esc to quit)
You feel much better. The wolf spider hits you.
* * * LOW HITPOINT WARNING * * *
The wolf spider bites you.
* * * LOW HITPOINT WARNING * * *
The wolf spider hits you!
* * * LOW HITPOINT WARNING * * *
The wolf spider closely misses you.
You closely miss the wolf spider.
The wolf spider is lightly wounded.
The wolf spider hits you!
* * * LOW HITPOINT WARNING * * *
The wolf spider bites you!
You die...

##### #
#######..#.###.###
#..s...^.....^....
#.s##^...#.#^#.^≈.
#@#^.....#.#..s..^
#.≈#^.....^.......
#...^.....≈......^
#^.^..........##..
#.#.≈......(≈≈≈≈≈≈
#.^.#.^...≈≈≈≈≈≈≈≈
#..^^....≈≈≈≈≈≈≈≈≈
#^##^....≈≈≈≈≈≈###
#.≈^≈....≈≈≈≈###


You could see a wolf spider and an orb spider.

Vanquished Creatures
  A ghost moth (Spider:4)
  An orc warlord (Orc:4)
  An emperor scorpion (Spider:4)
  4 dire elephants (Lair:8)
  An entropy weaver (Spider:3)
  A hydra (Lair:6)
  Erolcha (Orc:1)
  An anaconda (Lair:8)
  3 death yaks (Lair:7)
  Urug (Lair:3)
  6 orc high priests (Orc:4)
  Nergalle (D:10)
  A fire crab (Lair:6)
  2 hill giants
  A hornet (Spider:3)
  3 orb spiders
  8 orc knights
  A griffon (Lair:8)
  2 cyclopes
  3 orc sorcerers (Orc:4)
  12 wolf spiders
  4 black mambas
  2 centaur zombies (D:11)
  13 elephants
  3 demonic crawlers (Spider:4)
  7 spiny frogs
  2 fire drakes
  6 komodo dragons
  3 trolls
  3 blink frogs (Lair:3)
  5 jumping spiders
  A polar bear (Lair:8)
  A boulder beetle (Lair:6)
  A shadow (D:12)
  5 redbacks
  5 wyverns
  18 yaks
  3 trapdoor spiders
  5 hippogriffs
  5 tarantellas
  A mottled dragon (D:12)
  3 basilisks
  2 deep elf magi
  11 wargs
  3 sky beasts
  5 wolves (Orc:3)
  9 porcupines
  8 water moccasins
  24 orc warriors
  5 spiders
  2 ice beasts (D:10)
  A phantom (D:6)
  12 crocodiles
  9 ogres
  2 wasps
  2 centaurs
  The ghost of daawg the Cutter, an amateur KoBe of Trog (D:3)
  3 big kobolds
  A brain worm (D:12)
  5 giant frogs
  A wyvern zombie (D:11)
  4 wights (D:12)
  A scorpion (D:10)
  A quasit (D:11)
  6 iguanas
  10 orc priests
  27 orc wizards
  3 crimson imps
  5 hounds
  2 giant frog zombies
  4 worker ants
  2 hell rats (Lair:4)
  4 sheep (Lair:7)
  A killer bee zombie (D:5)
  3 hound skeletons
  6 adders
  49 river rats
  2 shadow imps
  4 giant geckos
  166 orcs
  A giant cockroach (D:8)
  3 hobgoblins
  A quokka (D:12)
  A ball python skeleton (D:4)
  A giant newt (D:3)
  7 goblins
  4 jackals (D:4)
  15 kobolds
  2 rats
  2 fungi
  4 plants (Lair:8)
598 creatures vanquished.

Vanquished Creatures (collateral kills)
  Arachne (Spider:2)
  An orb spider (Spider:4)
  A wolf spider (Spider:4)
3 creatures vanquished.

Vanquished Creatures (others)
  8 fungi
  4 plants (Lair:8)
12 creatures vanquished.

Grand Total: 613 creatures vanquished

Notes
Turn   | Place    | Note
--------------------------------------------------------------
     0 | D:1      | brucemayne the Hill Orc Berserker began the quest for the Orb.
     0 | D:1      | Reached XP level 1. HP: 19/19 MP: 1/1
   125 | D:3      | Noticed daawg's ghost (amateur KoBe)
   135 | D:3      | Killed daawg's ghost
   135 | D:3      | Reached skill level 6 in Axes
   135 | D:3      | Reached XP level 2. HP: 22/26 MP: 2/2
   135 | D:3      | Reached XP level 3. HP: 25/31 MP: 3/3
   135 | D:3      | Reached XP level 4. HP: 31/39 MP: 4/4
   240 | D:3      | Found an opulent altar of Gozag.
   371 | D:4      | Reached skill level 7 in Axes
   371 | D:4      | Reached XP level 5. HP: 13/45 MP: 5/5
   479 | D:4      | You fall through a shaft for 2 floors!
   506 | D:6      | Noticed a phantom
   513 | D:5      | Entered Level 5 of the Dungeon
   523 | D:5      | Reached skill level 8 in Axes
   623 | D:4      | Found a stormy altar of Qazlal.
   672 | D:5      | Noticed a sky beast
   700 | D:5      | Reached XP level 6. HP: 51/51 MP: 6/6
   707 | D:5      | Killed a sky beast
   707 | D:5      | Reached skill level 9 in Axes
   715 | D:5      | Gained mutation: You expend magic power (3 MP) to strengthen your wands. [mutagenic meat]
   716 | D:5      | Gained mutation: Your muscles are strong. (Str +2) [mutagenic meat]
   717 | D:5      | Gained mutation: You have large cloven feet. [mutagenic meat]
   718 | D:5      | Gained mutation: You possess an exceptional clarity of mind. [mutagenic meat]
   775 | D:6      | Found a staircase to the Ecumenical Temple.
   793 | Temple   | Entered the Ecumenical Temple
   989 | D:7      | Noticed a gargoyle
  1018 | D:6      | Reached skill level 10 in Axes
  1018 | D:6      | Reached XP level 7. HP: 31/57 MP: 7/7
  1091 | D:6      | Killed a phantom
  1116 | D:6      | Reached ** piety under Trog
  1152 | D:6      | Reached skill level 11 in Axes
  1222 | D:7      | Found a blossoming altar of Fedhas.
  1224 | D:7      | Found a stormy altar of Qazlal.
  1230 | D:7      | You fall through a shaft for 2 floors!
  1239 | D:9      | Noticed a wyvern
  1247 | D:9      | Killed a wyvern
  1247 | D:9      | Reached XP level 8. HP: 45/64 MP: 8/8
  1317 | D:10     | Entered Level 10 of the Dungeon
  1333 | D:10     | Reached skill level 12 in Axes
  1351 | D:11     | Found a flagged portal.
  1353 | D:11     | Noticed a centaur zombie
  1355 | D:11     | Noticed a cyclops
  1390 | D:11     | Killed a centaur zombie
  1390 | D:11     | Reached skill level 5 in Fighting
  1402 | D:11     | Killed a cyclops
  1402 | D:11     | Reached skill level 5 in Armour
  1412 | D:11     | Reached XP level 9. HP: 20/78 MP: 9/9
  1515 | Bailey   | Entered a bailey
  1657 | Bailey   | Noticed an orc knight
  1701 | Bailey   | Reached *** piety under Trog
  1794 | Bailey   | Noticed an orc knight
  1810 | Bailey   | Killed an orc knight
  1820 | Bailey   | Killed an orc knight
  1851 | Bailey   | Noticed an orc knight
  1894 | Bailey   | Killed an orc knight
  1894 | Bailey   | Reached XP level 10. HP: 93/93 MP: 10/10
  1940 | Bailey   | Noticed an orc knight
  1940 | Bailey   | Noticed an orc knight
  1960 | Bailey   | Killed an orc knight
  1960 | Bailey   | Reached skill level 10 in Fighting
  1964 | Bailey   | Killed an orc knight
  2054 | D:11     | Noticed a hill giant
  2066 | D:11     | Killed a hill giant
  2129 | D:10     | Reached skill level 13 in Axes
  2290 | D:12     | Reached skill level 14 in Axes
  2473 | D:12     | Reached XP level 11. HP: 70/101 MP: 11/11
  2514 | D:12     | Noticed a hill giant
  2530 | D:12     | Killed a hill giant
  2530 | D:12     | Reached skill level 15 in Axes
  2582 | D:11     | Found a staircase to the Orcish Mines.
  2655 | Orc:1    | Entered Level 1 of the Orcish Mines
  2668 | Orc:1    | Reached **** piety under Trog
  2836 | Orc:1    | Noticed Erica
  2838 | Orc:1    | Noticed an orc knight
  2870 | Orc:1    | Noticed Erolcha
  2881 | Orc:1    | Killed Erolcha
  2881 | Orc:1    | Reached skill level 16 in Axes
  2937 | Orc:3    | Found a bloodstained altar of Trog.
  2960 | Orc:4    | Entered Level 4 of the Orcish Mines
  2960 | Orc:4    | Found a staircase to the Elven Halls.
  2974 | Orc:4    | Reached ***** piety under Trog
  2978 | Orc:4    | Noticed an orc knight
  2994 | Orc:4    | Killed an orc knight
  3031 | Orc:4    | Noticed an orc high priest
  3035 | Orc:4    | Noticed an orc knight
  3044 | Orc:4    | Noticed a sun demon
  3125 | Orc:4    | Noticed a sun demon
  3138 | Orc:3    | Killed an orc knight
  3138 | Orc:3    | Reached skill level 17 in Axes
  3194 | Orc:2    | Received a gift from Trog
  3354 | Orc:4    | Reached skill level 18 in Axes
  3412 | Orc:4    | Noticed a sun demon
  3412 | Orc:4    | Noticed an ice devil
  3416 | Orc:4    | Killed an orc high priest
  3416 | Orc:4    | Reached XP level 12. HP: 13/108 MP: 12/12
  3475 | Orc:4    | Found Borihon's General Store.
  3557 | Orc:4    | Noticed an orc high priest
  3557 | Orc:4    | Noticed an orc knight
  3580 | Orc:4    | Killed an orc knight
  3593 | Orc:4    | Killed an orc high priest
  3649 | Orc:4    | Noticed an orc high priest
  3650 | Orc:4    | Found Mixil's Jewellery Boutique.
  3710 | Orc:4    | Killed an orc high priest
  3710 | Orc:4    | Reached skill level 19 in Axes
  3712 | Orc:4    | Gained mutation: Your body sometimes deteriorates upon taking damage. [a neqoxec]
  3745 | Orc:4    | Noticed an orc high priest
  3767 | Orc:4    | Gained mutation: Armour fits poorly on your strangely shaped body. [a neqoxec]
  3818 | Orc:4    | Killed an orc high priest
  3931 | Orc:4    | Noticed an orc warlord
  4021 | Orc:4    | Killed an orc warlord
  4054 | Orc:4    | Noticed an orc high priest
  4056 | Orc:4    | Noticed an orc high priest
  4076 | Orc:4    | Killed an orc high priest
  4076 | Orc:4    | Reached skill level 20 in Axes
  4080 | Orc:4    | Killed an orc high priest
  4158 | Orc:4    | Found Vilan's Antique Weapon Emporium.
  4172 | Orc:4    | Found Xuebuf's Antique Armour Shoppe.
  4187 | Orc:4    | Bought an embroidered hat for 120 gold pieces
  4255 | Orc:3    | Received a gift from Trog
  4274 | Orc:2    | Found Ufol Ber's Assorted Antiques.
  4366 | Orc:4    | Bought an uncursed amulet of resist corrosion for 220 gold pieces
  4366 | Orc:4    | Bought an uncursed amulet of resist mutation for 440 gold pieces
  4366 | Orc:4    | Bought the ring "Sefroll" {rN+ Int+4 SInv} for 380 gold pieces
  4651 | D:10     | Found Sagetal's Armour Shop.
  4661 | D:10     | Bought a +0 cloak for 49 gold pieces
  4954 | D:10     | Noticed Nergalle
  4966 | D:10     | Killed Nergalle
  4980 | D:10     | Noticed a deep elf mage
  4986 | D:10     | Killed a deep elf mage
  5165 | D:11     | Reached skill level 21 in Axes
  5165 | D:11     | Reached XP level 13. HP: 86/114 MP: 13/13
  5576 | D:9      | Noticed a troll
  5590 | D:9      | Killed a troll
  5668 | D:9      | Noticed a yak
  5669 | D:9      | Found a staircase to the Lair.
  5670 | D:9      | Noticed a yak
  5672 | D:9      | Noticed a yak
  5672 | D:9      | Noticed a yak
  5676 | D:9      | Killed a yak
  5683 | D:9      | Killed a yak
  5685 | D:9      | Killed a yak
  5700 | D:9      | Killed a yak
  5723 | Lair:1   | Entered Level 1 of the Lair of Beasts
  5757 | Lair:1   | Reached ****** piety under Trog
  5767 | Lair:2   | Received a gift from Trog
  6006 | Lair:3   | Noticed Urug
  6014 | Lair:3   | Killed Urug
  6014 | Lair:3   | Reached skill level 22 in Axes
  6117 | Lair:4   | Received a gift from Trog
  6593 | Lair:6   | Reached skill level 23 in Axes
  6695 | Lair:6   | Received a gift from Trog
  6929 | Lair:7   | Reached XP level 14. HP: 110/119 MP: 14/14
  6962 | Lair:8   | Entered Level 8 of the Lair of Beasts
  7041 | Lair:7   | Reached skill level 24 in Axes
  7426 | Lair:8   | Got an iridescent executioner's axe
  7432 | Lair:8   | Identified the +5 executioner's axe of Godeolao {chop, rN+++ MR+ Dex-4} (You found it on level 8 of the Lair of Beasts)
  7988 | Lair:4   | Found a hole to the Spider Nest.
  8016 | Lair:4   | Reached skill level 25 in Axes
  8042 | Spider:1 | Entered Level 1 of the Spider Nest
  8082 | Spider:1 | Got a scorched falchion
  8218 | Spider:2 | Noticed Arachne
  8230 | Spider:2 | Killed Arachne
  8277 | Spider:4 | Entered Level 4 of the Spider Nest
  8289 | Spider:3 | HP: 5/119 [tarantella (5)]
  8712 | Spider:4 | Noticed an emperor scorpion
  8740 | Spider:4 | Killed an emperor scorpion
  8740 | Spider:4 | Reached skill level 26 in Axes
  8792 | Spider:4 | Reached XP level 15. HP: 90/128 MP: 15/15
  8812 | Spider:4 | Noticed a ghost moth
  8832 | Spider:4 | Killed a ghost moth
  8832 | Spider:4 | Reached skill level 10 in Armour
  8884 | Spider:4 | Slain by a wolf spider

Vault maps used:
D:1:      minmay_arrival_loop
D:2:      ecumenical_altar_1, hangedman_abyss_or_decor_stabs,
          kennysheep_generic_room_15
D:3:      grunt_gozag_statues
D:4:      lemuel_upstairs_altar, grunt_temple_overflow_open, trog_hazing_becter
D:5:      first_bread
D:6:      minmay_temple_entry_trees, hangedman_decor_points,
          kennysheep_generic_room_3
D:7:      hangedman_cross_stitches, grunt_temple_overflow_forces_of_nature,
          grunt_temple_overflow_magic_moments, the_bakery, nemelex_deck,
          uniq_crazy_yiuf_cottage
D:8:      uniq_psyche
D:9:      erik_lair_orcish_takeover, trog_book
D:10:     serial_shops, nicolae_shop_trees, kennysheep_generic_room_2,
          uniq_nergalle
D:11:     erik_orc_3, portal_ice_cave_entry_pillars_01, enter_bailey_3,
          hangedman_incinerator
Temple:   nicolae_temple_figure_zero
Lair:2:   serial_bayou_shore_a, lemuel_fruit_tree
Lair:3:   grunt_megastairs_2, serial_bayou_shore_b, uniq_urug
Lair:4:   kennysheep_rathole, spider_nest_entry_funnel_web,
          serial_bayou_shore_b, infiniplex_staircase_pool_2, lemuel_fruit_fields
Lair:5:   swamp_mist
Lair:6:   patterned_corridor
Lair:7:   nicolae_lair_grove_arrangements, beast_lair_carwin_6
Lair:8:   due_jungle_book, slime_altar_1
Spider:1: uniq_josephine
Spider:2: uniq_arachne
Spider:3: uniq_mara
Spider:4: grunt_spider_rune_island, hangedman_spider_tarantella_strand
Orc:1:    uniq_erica, uniq_fannar, uniq_erolcha
Orc:2:    serial_shops, nicolae_shop_overgrown_old_shop
Orc:3:    basic_altar, nicolae_orc_pool_cavern, mines5_lemuel
Orc:4:    grunt_orc_gardens, grunt_orc_garden, grunt_orc_garden,
          grunt_orc_garden, grunt_orc_garden
Bailey:   bailey_polearm_5, bailey

Action                   |  1- 3 |  4- 6 |  7- 9 | 10-12 | 13-15 || total
-------------------------+-------+-------+-------+-------+-------++-------
Melee: Hand axe          |    12 |    96 |   142 |       |       ||   250
       War axe           |       |       |    62 |   650 |   102 ||   814
       Executioner's axe |       |       |       |       |   429 ||   429
Invok: Berserk           |     1 |     6 |     7 |     9 |     7 ||    30
       Trog's Hand       |       |       |     9 |    22 |    17 ||    48
       Brothers in Arms  |       |       |       |       |     3 ||     3
Evoke: Wand              |       |       |     5 |     1 |       ||     6
  Use: Scroll            |       |     1 |     2 |    13 |    13 ||    29
       Potion            |       |       |     5 |     1 |    10 ||    16
 Stab: Distracted        |       |       |       |       |     1 ||     1
  Eat: Chunk             |       |     8 |     6 |    25 |    16 ||    55
       Pizza             |       |     1 |       |       |       ||     1
       Beef jerky        |       |     1 |       |       |       ||     1
       Meat ration       |       |       |     1 |       |     1 ||     2
       Fruit             |       |       |       |       |     4 ||     4
